 Dungeon Crawl Stone Soup version 0.17.0-28-g6e173f8 (webtiles) character file.

126 septik the Twirler (level 5, -2/30 HPs)
             Began as a Gargoyle Gladiator on Nov 25, 2015.
             Killed by nerve-wracking pain
             ... invoked by an orc priest
              (12 damage)
             ... on level 3 of the Dungeon.
             The game lasted 00:03:54 (1774 turns).

septik the Twirler (Gargoyle Gladiator)             Turns: 1774, Time: 00:03:55

Health: -2/30      AC:  9    Str: 19    XL:     5   Next: 9%
Magic:  5/5        EV: 12    Int:  8    God:
Gold:   105        SH:  0    Dex: 11    Spells: 0 memorised, 4 levels left

rFire  . . .     SeeInvis .     a - +0 quarterstaff
rCold  . . .     Clarity  .     b - +0 leather armour
rNeg   + . .     SustAt   .     (shield currently unavailable)
rPois  ∞         Gourm    .     c - +0 helmet
rElec  +         Spirit   .     (no cloak)
rCorr  .         Warding  .     i - +0 pair of gloves
rMut   .         Stasis   .     (no boots)
MR     .....                    (no amulet)
Stlth  ++........               t - ring of stealth
                                m - ring of flight

@: not resistant to hostile enchantments, unstealthy
A: negative energy resistance 1, electricity resistance, unbreathing,
petrification resistance, rot immunity, AC +4
a: Evoke Flight


You were on level 3 of the Dungeon.
You were not hungry.

You visited 1 branch of the dungeon, and saw 3 of its levels.

You collected 105 gold pieces.

Inventory:

Hand Weapons
 a - a +0 quarterstaff (weapon)
 s - a +0 club
Missiles
 d - 3 throwing nets (quivered)
 f - 63 stones
Armour
 b - a +0 leather armour (worn)
 c - a +0 helmet (worn)
 i - a +0 pair of gloves (worn)
Jewellery
 m - a ring of flight (left hand)
 t - a ring of stealth (right hand)
Wands
 g - a wand of confusion (10)
Scrolls
 j - a scroll of remove curse {unknown}
 n - a scroll of immolation {unknown}
 p - 2 scrolls of identify {unknown}
 q - a scroll of fog {unknown}
 v - a scroll of blinking {unknown}
 w - a scroll of magic mapping {unknown}
Potions
 o - a potion of might {unknown}
 r - a potion of invisibility {unknown}
Comestibles
 e - a bread ration
 h - a royal jelly
 k - 2 meat rations
 l - 2 beef jerkies
 u - 2 chunks of flesh


   Skills:
 - Level 2.1 Fighting
 + Level 5.6 Staves
 - Level 1.7 Throwing
 - Level 2.4 Dodging


You had 4 spell levels left.
You didn't know any spells.

Dungeon Overview and Level Annotations

Branches:
Dungeon (3/15)

Altars:
Trog
Yredelemnul


Innate Abilities, Weirdness & Mutations

You are resistant to torment.
Your stone body is resilient (AC +4).
You are immune to poison.
You resist negative energy.
You are resistant to electric shocks.
You can survive without breathing.
You are immune to petrification.
You are immune to rotting.


Message History

The orc priest closely misses you. The orc barely misses you.
You hit the orc priest but do no damage.
The orc priest is lightly wounded.
The orc priest closely misses you. The orc closely misses you.
You sock the orc priest!
The orc priest is heavily wounded.
The orc priest hits you with a dagger. The orc barely misses you.
You hit the orc priest but do no damage.
The orc priest is heavily wounded.
The orc priest mumbles some strange prayers to Beogh against you.
Pain shoots through your body! The orc hits you but does no damage.
You barely miss the orc priest.
The orc priest is heavily wounded.
The orc priest miscasts a cantrip.
The orc hits you but does no damage.
You hit the orc priest but do no damage.
The orc priest is heavily wounded.
The orc priest invokes the aid of Beogh against you.
Pain shoots through your body!
You die...

#.......#
#.# #.
#.......#
#.# #.
#.......#
#.# #.
#.......#
#.########
##.......#
#........#
#........#
####......
#.##'#####
#.....)
#........#
#......
###)@o...+
###......
#)#o...#
#.......#
#.#....##
##.######
#.#.....#
#...#
#.###...#
###.#
#.###...#
#.#
..#.....#
##.####
###....##
#......
#..o.#
#......


You could see an orc priest and an orc.

Vanquished Creatures
  Ijyb (D:2)
  2 gnolls (D:2)
  2 adders
  A worm (D:3)
  3 giant geckos
  3 orcs (D:3)
  2 ball pythons
  A giant cockroach (D:2)
  2 gnoll zombies (D:2)
  7 goblins
  6 hobgoblins
  3 jackals (D:2)
  2 quokkas
  6 bats
  5 giant newts
  2 kobolds (D:2)
  4 rats
52 creatures vanquished.

Notes
Turn   | Place    | Note
--------------------------------------------------------------
     0 | D:1      | septik the Gargoyle Gladiator began the quest for the Orb.
     0 | D:1      | Reached XP level 1. HP: 12/12 MP: 1/1
   316 | D:1      | Reached XP level 2. HP: 17/17 MP: 2/2
   573 | D:2      | Reached skill level 4 in Staves
   573 | D:2      | Reached XP level 3. HP: 21/21 MP: 3/3
   672 | D:2      | Found a basalt altar of Yredelemnul.
   788 | D:2      | Noticed Ijyb
   802 | D:2      | Killed Ijyb
   802 | D:2      | Reached skill level 5 in Staves
   802 | D:2      | Reached XP level 4. HP: 24/26 MP: 4/4
  1584 | D:3      | Found a bloodstained altar of Trog.
  1605 | D:3      | Reached XP level 5. HP: 28/30 MP: 5/5
  1774 | D:3      | Killed from afar by an orc priest

Action                   |  1- 3 |  4- 6 || total
-------------------------+-------+-------++-------
Melee: Quarterstaff      |    62 |    93 ||   155
 Stab: Sleeping          |       |     4 ||     4
  Eat: Chunk             |       |     3 ||     3
